 Dungeon Crawl Stone Soup version 0.30-a0-371-gad7725a93e (webtiles) character file.

Game seed: 8503065282881863820

12759 KennySheep the Fighter (level 11, -17/119 HPs)
             Began as an Ogre Cinder Acolyte on Nov 20, 2022.
             Was an Elder of Ignis.
             Demolished by a white ugly thing (24 damage)
             ... on level 8 of the Dungeon.
             The game lasted 00:38:54 (11049 turns).

KennySheep the Fighter (Ogre Cinder Acolyte)       Turns: 11049, Time: 00:38:55

Health: -17/119    AC:  4    Str: 20    XL:     11   Next: 98%
Magic:  23/23      EV:  9    Int: 25    God:    Ignis [****..]
Gold:   173        SH:  5    Dex:  4    Spells: 11/27 levels left

rFire   + . .      SeeInvis .    d - +6 glaive (venom)
rCold   . . .      Faith    .    (shield currently unavailable)
rNeg    . . .      Spirit   .    b - +1 robe
rPois   .          Reflect  +    (helmet restricted)
rElec   .          Harm     .    (no cloak)
rCorr   .          Rampage  .    (gloves unavailable)
Will    +....                    (boots unavailable)
Stlth   +.........               c - amulet of reflection
HPRegen 0.39/turn                n - +6 ring of intelligence
MPRegen 0.18/turn                B - ring of flight

@: flying
A: large, unfitting armour, tough skin 1
a: Renounce Religion, Fiery Armour, Foxfire Swarm


You were on level 8 of the Dungeon.
You worshipped Ignis.
Ignis was greatly pleased with you.
You visited 2 branches of the dungeon, and saw 10 of its levels.

You collected 525 gold pieces.
You spent 352 gold pieces at shops.

Inventory:

Hand Weapons
 a - a -1 spear of flaming
 d - a +6 glaive of venom (weapon)
 i - a +0 halberd
 q - a +3 spear of freezing
 s - a +0 trident
Missiles
 r - 3 throwing nets
 y - 8 large rocks
 z - 7 boomerangs
 A - 3 javelins
Armour
 b - a +1 robe (worn)
Jewellery
 c - an amulet of reflection (around neck)
 h - a ring of magical power
 n - a +6 ring of intelligence (left hand)
 B - a ring of flight (right hand)
 F - a ring of wizardry
Wands
 e - a wand of charming (9)
 w - a wand of polymorph (12)
Scrolls
 g - a scroll of enchant weapon
 l - 2 scrolls of vulnerability
 m - 2 scrolls of enchant armour
 p - a scroll of silence
 x - 2 scrolls of poison
 C - 2 scrolls of immolation
 D - a scroll of noise
 E - 4 scrolls of amnesia
 G - a scroll of identify
Potions
 f - a potion of might
 k - 3 potions of attraction
 t - a potion of haste {unknown}
 u - a potion of brilliance {unknown}
 v - a potion of flight {unknown}


   Skills:
 + Level 10.8 Fighting
 + Level 8.2 Polearms
 + Level 8.5 Spellcasting
 * Level 7.5 Transmutations
 - Level 3.3 Fire Magic
 * Level 9.6 Earth Magic


You had 11 spell levels left.
You knew the following spells:

 Your Spells              Type           Power      Damage    Failure   Level
a - Scorch                Fire           54%        2d8       2%          2
b - Sandblast             Erth           100%       2d20      1%          1
c - Passwall              Tmut/Erth      43%        N/A       1%          2
d - Lee's Rapid Deconstr  Erth           28%        3d15*     3%          5
z - Statue Form           Tmut/Erth      34%        N/A       26%         6

Your spell library contained the following spells:

 Spells                   Type           Power      Damage    Failure   Level
 Stone Arrow              Conj/Erth      68%        3d11      2%          3
 Leda's Liquefaction      Hex/Erth       17%        N/A       8%          4


Dungeon Overview and Level Annotations

Branches:
Dungeon (9/15)             Temple (0/1) D:6            Lair (1/5) D:8
    Orc: D:9-12

Altars:
Makhleb
Nemelex Xobeh
Sif Muna
Yredelemnul
Zin

Shops:
D:3 (   D:6 (   D:8 *:


Innate Abilities, Weirdness & Mutations

You are too large for most types of armour.
You have tough skin. (AC +1)


Message History

The five-headed hydra closely misses you.
The five-headed hydra bites you.
The five-headed hydra closely misses you.
You block the white ugly thing's attack.
The orange demon stings you but does no damage.
The five-headed hydra completely misses you.
The five-headed hydra bites you but does no damage.
The five-headed hydra barely misses you.
The five-headed hydra bites you.
The five-headed hydra bites you but does no damage.
The white ugly thing engulfs you but does no damage.
The orange demon stings you from afar.
The five-headed hydra bites you but does no damage. x2
You block the five-headed hydra's attack.
The five-headed hydra bites you but does no damage. x2
There is a stone staircase leading up here.
You revert to your normal fleshy form.
Your +1 robe unmelds from your body.
You block the white ugly thing's attack.
The orc zaps a wand.
The puff of flame hits you. You resist. The orange demon stings you from afar.
The five-headed hydra bites you. The five-headed hydra bites you! x2
The five-headed hydra bites you but does no damage.
The five-headed hydra bites you. The white ugly thing engulfs you.
The white ugly thing freezes you!!
* * * LOW HITPOINT WARNING * * *
You fly upwards.
There is a stone staircase leading down here.
Okay, then.
You feel much better. The five-headed hydra bites you! x2
* * * LOW HITPOINT WARNING * * *
The five-headed hydra bites you but does no damage.
The five-headed hydra bites you!
* * * LOW HITPOINT WARNING * * *
The five-headed hydra bites you.
* * * LOW HITPOINT WARNING * * *
The white ugly thing engulfs you.
* * * LOW HITPOINT WARNING * * *
The white ugly thing freezes you!!
You die...

...........≈≈≈≈≈≈≈≈....##
........P..##...........#
..♣.P......###....#.#8#.#
P...........###...#.#∩#.#
.P♣.........#####.#.#.8.#
P...♣.......P# ##.#.#.#.#
..........♣.P# #..#.8.#.#
.....>.......###u##.#.#.#
..P......P..P...@.#.#.8.#
.........[..P....D#.#.#.#
......P...........#.8.#.#
...........[......#.#.#.#
P[................###'###
..)......♣#####...##..#
........###..[....##.##
....###.# #....##).#.#
....# #.###....##....#


You could see a five-headed hydra and a white ugly thing.

Vanquished Creatures
  2 two-headed ogres
  5 death yaks (Lair:1)
  Amaemon (D:9)
  Pikel (D:5)
  2 black mambas (Lair:1)
  A gargoyle (D:8)
  3 cane toads (Lair:1)
  2 komodo dragons (Lair:1)
  A polar bear (Lair:1)
  Sigmund (D:5)
  3 wyverns
  A basilisk (D:8)
  3 yaks (D:8)
  Eustachio (D:5)
  Edmund (D:5)
  4 water moccasins (D:8)
  2 orc warriors (D:7)
  A sky beast (D:6)
  An ogre (D:4)
  2 centaurs
  A phantom (D:6)
  A lemure (D:5)
  Blork the orc (D:5)
  A kobold brigand (D:9)
  A gnoll sergeant (D:7)
  4 bullfrogs
  A scorpion (D:5)
  2 necrophages
  9 wights (D:9)
  2 killer bees (D:9)
  2 electric eels (D:8)
  5 howler monkeys
  2 jellies
  3 orc priests
  2 hounds
  2 gnoll boudas
  4 iguanas
  8 orc wizards
  7 adders
  27 gnolls
  2 shadow imps (D:4)
  A white imp (D:6)
  An ufetubus (D:6)
  A worm (D:4)
  A dart slug (D:3)
  22 orcs
  8 endoplasms
  2 giant cockroaches
  5 goblins
  4 hobgoblins
  2 quokkas
  6 ball pythons
  5 bats
  A frilled lizard (D:1)
  4 kobolds
  4 rats
192 creatures vanquished.

Vanquished Creatures (collateral kills)
  2 yaks (D:8)
  An iguana (D:8)
  A gnoll (D:8)
  An orc (D:8)
5 creatures vanquished.

Vanquished Creatures (others)
  An orc wizard (D:9)
  5 bushes (D:9)
  38 foxfires (D:5)
  12 fungi
  15 plants
71 creatures vanquished.

Grand Total: 268 creatures vanquished

Notes
Turn   | Place    | Note
-------+----------+-------------------------------------------
     0 | D:1      | KennySheep the Ogre Cinder Acolyte began the quest for the
                  | Orb.
     0 | D:1      | Reached XP level 1. HP: 24/24 MP: 2/2
   183 | D:1      | Reached XP level 2. HP: 31/32 MP: 4/4
   242 | D:1      | Learned a level 2 spell: Scorch
   835 | D:2      | Reached XP level 3. HP: 35/40 MP: 2/5
  1157 | D:2      | Reached XP level 4. HP: 34/49 MP: 7/7
  1332 | D:2      | Found a burning altar of Makhleb.
  1643 | D:3      | Found a sparkling altar of Nemelex Xobeh.
  1729 | D:3      | Found Lyptapn's Weapon Shop.
  2120 | D:4      | Noticed an ogre
  2125 | D:4      | Killed an ogre
  2126 | D:4      | Reached skill level 5 in Fighting
  2126 | D:4      | Reached skill level 1 in Earth Magic
  2126 | D:4      | Reached XP level 5. HP: 57/57 MP: 9/9
  2132 | D:4      | Learned a level 1 spell: Sandblast
  2135 | D:4      | Learned a level 2 spell: Passwall
  2272 | D:4      | Reached XP level 6. HP: 52/66 MP: 10/10
  3058 | D:5      | Entered Level 5 of the Dungeon
  3515 | D:5      | Noticed Blork the orc
  3536 | D:5      | Killed Blork the orc
  3537 | D:5      | Reached XP level 7. HP: 54/74 MP: 12/12
  3539 | D:5      | Reached skill level 6 in Fighting
  3549 | D:5      | Noticed Eustachio
  4151 | D:5      | Noticed Edmund
  4170 | D:5      | Killed Edmund
  4207 | D:5      | Noticed Sigmund
  4211 | D:5      | Killed Sigmund
  4212 | D:5      | Reached skill level 5 in Polearms
  4212 | D:5      | Reached XP level 8. HP: 76/84 MP: 14/14
  4316 | D:5      | Noticed Pikel
  4605 | D:6      | Reached skill level 7 in Fighting
  4761 | D:6      | Found Yhir's Firing Range.
  4770 | D:6      | Bought a throwing net for 36 gold pieces
  4770 | D:6      | Bought 2 large rocks for 16 gold pieces
  4770 | D:6      | Bought 6 large rocks for 50 gold pieces
  4770 | D:6      | Bought 2 boomerangs for 12 gold pieces
  4770 | D:6      | Bought 3 javelins for 28 gold pieces
  4886 | D:6      | Reached skill level 5 in Earth Magic
  5126 | D:6      | Reached skill level 5 in Spellcasting
  5548 | D:6      | Found a staircase to the Ecumenical Temple.
  5637 | D:7      | Noticed a wyvern
  5640 | D:7      | Killed a wyvern
  5711 | D:7      | Found a basalt altar of Yredelemnul.
  5745 | D:6      | Learned a level 5 spell: Lee's Rapid Deconstruction
  5752 | D:6      | Learned a level 6 spell: Statue Form
  5825 | D:7      | Found a shimmering blue altar of Sif Muna.
  6103 | D:6      | Reached XP level 9. HP: 66/93 MP: 17/17
  6390 | D:5      | Killed Eustachio
  6391 | D:5      | Reached skill level 1 in Transmutations
  6410 | D:5      | Found a glowing silver altar of Zin.
  6426 | D:5      | Killed Pikel
  6427 | D:5      | Reached skill level 8 in Fighting
  7747 | D:8      | Found Wilohitt's General Store.
  7750 | D:8      | Bought a scroll of summoning for 114 gold pieces
  7750 | D:8      | Bought a potion of magic for 96 gold pieces
  7784 | D:8      | Found Puwiut's Book Emporium.
  7911 | D:8      | Noticed a two-headed ogre
  7920 | D:7      | Reached XP level 10. HP: 19/106 MP: 19/19
  8234 | D:8      | Reached skill level 9 in Fighting
  8243 | D:7      | HP: 5/107 [poisoned by a water moccasin]
  8566 | D:8      | Found a staircase to the Lair.
  8733 | D:8      | Killed a two-headed ogre
  8734 | D:8      | Reached skill level 5 in Transmutations
  9119 | D:8      | Noticed a gargoyle
  9121 | D:8      | Killed a gargoyle
  9685 | D:9      | Noticed Amaemon
  9687 | D:9      | Noticed an orange demon
  9699 | D:9      | Noticed a two-headed ogre
  9710 | D:9      | Killed a two-headed ogre
  9711 | D:9      | Reached XP level 11. HP: 97/117 MP: 8/22
  9731 | D:9      | Killed Amaemon
  9731 | D:9      | Identified the amulet "Ahisacek" {Acrobat rC+ rN+ rCorr
                  | Dex+5}
  9732 | D:9      | Reached skill level 10 in Fighting
  9733 | D:9      | Noticed a five-headed hydra
  9733 | D:9      | Identified the +6 falchion "Lauproli" {vorpal, rPois rC++
                  | Dex-5}
  9747 | D:9      | Noticed a white ugly thing
  9749 | D:9      | Noticed a death knight
 10010 | Lair:1   | Entered Level 1 of the Lair of Beasts
 10647 | Lair:1   | Noticed a death yak
 10647 | Lair:1   | Noticed a death yak
 10647 | Lair:1   | Noticed a death yak
 10648 | Lair:1   | Noticed a death yak
 10697 | Lair:1   | Noticed a death yak
 10870 | Lair:1   | Killed a death yak
 10875 | Lair:1   | Killed a death yak
 10886 | Lair:1   | Killed a death yak
 10932 | Lair:1   | Killed a death yak
 10938 | Lair:1   | Killed a death yak
 11049 | D:8      | Demolished by a white ugly thing

Illustrated notes

Levels and vault maps discovered:
D:1:      evilmike_arrival_rings, layout_loops_ring
D:2:      layout_rooms, basic_altar, minmay_crystal_water, glass_columns_b,
          item_on_display_a
D:3:      layout_rooms, nemelex_xobeh_ov_fountains_minmay, serial_shops,
          nicolae_shop_bloodbath_and_beyond, serial_glass, glass_columns_a,
          glass_columns_b, item_on_display_a, item_on_display_a
D:4:      layout_basic
D:5:      layout_cave_pools, zin_scriptorium, sigmund_edmund_badplayer,
          uniq_blork_the_orc, uniq_eustachio, uniq_pikel, uniq_sigmund
D:6:      layout_gridville, temple_doors_cd, nicolae_shop_firing_range
D:7:      layout_basic, general_overflow_altar, kennysheep_mini
D:8:      layout_rooms, minmay_lair_entry_grove, enter_bailey_8, serial_shops,
          kennysheep_mini_moat, shop, water_boxes_lemuel
D:9:      minmay_the_grid_square_5x5_4x4 [minmay_the_grid_square_5x5_c,
          minmay_the_grid_square_5x5_slash, minmay_the_grid_square_5x5_shrine1,
          minmay_the_grid_square_5x5_moneybag,
          minmay_the_grid_square_5x5_tetrominoes,
          minmay_the_grid_square_5x5_prize_monsterx,
          minmay_the_grid_square_5x5_prize_pseudospiral,
          minmay_the_grid_square_5x5_mess, minmay_the_grid_square_5x5_lines,
          minmay_the_grid_square_5x5_prize_waves,
          minmay_the_grid_square_5x5_prize_deathbox,
          minmay_the_grid_square_5x5_three_walls,
          minmay_the_grid_square_5x5_comb, minmay_the_grid_square_5x5_minimal,
          minmay_the_grid_square_5x5_detours,
          minmay_the_grid_square_5x5_misaligned], layout_long_grid,
          marbit_many_paths, minitemple, ebering_ghost_reflecting_pool,
          serial_ice, serial_ice_f, serial_ice_b, serial_ice_c, serial_ice_o,
          serial_shops, nicolae_stop_n_shop_1, shop, nicolae_shop_statue_plus,
          shop, nicolae_shop_hallway_plus, corexii_leaking_fountain,
          kennysheep_flooded_box, minmay_hedge_maze, uniq_amaemon
Lair:1:   layout_regular_city, infiniplex_staircase_pool

Skill      XL: |  1  2  3  4  5  6  7  8  9 10 11 |
---------------+----------------------------------+-----
Fire Magic     | 3 |  3.3
Spellcasting   | 2 3 4 5 6 7 8 |  8.5
Fighting       | 5 6 7 8 9 10 | 10.8
Earth Magic    | 1 2 3 4 5 7 8 9 |  9.6
Polearms       | 4 5 6 7 8 |  8.2
Transmutations | 3 6 7 |  7.5

Action                   |  1- 3 |  4- 6 |  7- 9 | 10-12 || total
-------------------------+-------+-------+-------+-------++-------
Melee: Spear             |    62 |     1 |     7 |   183 ||   253
       Halberd           |       |     6 |       |       ||     6
       Trident           |       |     5 |       |       ||     5
       Punch             |       |     1 |       |     3 ||     4
       Unarmed           |       |       |     6 |       ||     6
       Glaive            |       |       |       |    44 ||    44
 Cast: Scorch            |    16 |    62 |    23 |       ||   101
       Sandblast         |       |     6 |   136 |    72 ||   214
       Lee's Rapid Decon |       |       |    11 |    11 ||    22
       Statue Form       |       |       |       |     8 ||     8
Invok: Foxfire Swarm     |       |     1 |     1 |       ||     2
       Fiery Armour      |       |       |       |     2 ||     2
       Rising Flame      |       |       |       |     1 ||     1
 Abil: End Transformatio |       |       |       |     1 ||     1
Evoke: Wand              |       |       |       |     6 ||     6
  Use: Potion            |       |     4 |     2 |     3 ||     9
       Scroll            |       |       |    16 |     4 ||    20
 Stab: Confused          |       |       |     1 |       ||     1
Armor: Robe              |    10 |    10 |    19 |    12 ||    51
       Skin              |       |       |       |    96 ||    96
Dodge: Dodged            |    24 |    25 |    59 |    91 ||   199
Block: Other             |       |       |       |    56 ||    56

Table legend: (Time is in decaauts)
 A = Elapsed time spent in this place.
 B = Non-inter-level travel time spent in this place.
 C = Inter-level travel time spent in this place.
 D = Time resting spent in this place.
 E = Time spent auto-exploring this place.
 F = Levels seen in this place.
 G = Mean time per level.
                   A        B        C        D        E       F      G
               +--------+--------+--------+--------+--------+-----+--------+
         Total |  11272 |  10649 |    623 |   3743 |   4901 |  10 | 1127.2 |
       Dungeon |  10163 |   9555 |    608 |   3315 |   4655 |   9 | 1129.2 |
          Lair |   1108 |   1093 |     15 |    428 |    246 |   1 | 1108.0 |
               +--------+--------+--------+--------+--------+-----+--------+

Top non-repeatable levels by time:
     D:7: 2118 daAuts
     D:4: 1735 daAuts
     D:6: 1616 daAuts
     D:8: 1361 daAuts
  Lair:1: 1108 daAuts
     D:5: 1088 daAuts
     D:1: 827 daAuts
     D:2: 660 daAuts
     D:3: 553 daAuts
     D:9: 203 daAuts
